 Dungeon Crawl Stone Soup version 0.32-a0-12-g7fc57aa741 (webtiles) character file.

Game seed: 10660317020589682094

18497 anacleto the Mimic (level 12, -4/169 HPs)
             Began as a Troll Shapeshifter on Jan 14, 2024.
             Was a Believer of the Shining One.
             Slain by a warg (8 damage)
             ... on level 2 of the Orcish Mines.
             The game lasted 00:37:14 (12561 turns).

anacleto the Mimic (Troll Shapeshifter)            Turns: 12561, Time: 00:37:16

Health: -4/169     AC: 26    Str: 29    XL:     12   Next: 28%
Magic:  15/15      EV:  1    Int:  6    God:    the Shining One [**....]
Gold:   1569       SH:  0    Dex: 15    Spells: 11/11 levels left

rFire   . .          .
                       - Unarmed
rCold   . . .        (no shield)
rNeg    + . .        K - melded +0 troll leather armour
rPois   +            (helmet currently unavailable)
rElec   .            F - melded scarf {repulsion}
rCorr   .            (gloves unavailable)
SInv    .            (boots unavailable)
Will    +....        (no amulet)
Stlth   +            g - ring of willpower
HPRegen 1.28/turn    k - +6 ring of dexterity
MPRegen 0.14/turn

%: no passive effects
@: mighty, tree-form, marked, glowing
A: stationary, stasis, torment immunity, boosted hp, large, unfitting armour,
(claws 3), regeneration 1, (shaggy fur 1), (tough skin 1)
a: Renounce Religion, Divine Shield


You were on level 2 of the Orcish Mines.
You worshipped the Shining One.
The Shining One was pleased with you.
You were a tree.
You visited 4 branches of the dungeon, and saw 15 of its levels.

You collected 1569 gold pieces.

Inventory:

Missiles
 h - 4 boomerangs (quivered)
 B - a throwing net
 C - 10 poisoned darts
 G - 3 darts of dispersal
 H - 10 large rocks
Armour
 F - a scarf of repulsion (melded)
 K - a +0 troll leather armour (melded)
Jewellery
 g - a ring of willpower (left branch)
 k - a +6 ring of dexterity (right branch)
Talismans
 c - a beast talisman (active)
 d - a flux talisman
Wands
 q - a wand of acid (16)
 z - a wand of polymorph (29)
Scrolls
 a - a scroll of poison
 e - 2 scrolls of fog
 i - 3 scrolls of enchant armour
 t - a scroll of brand weapon
 w - 2 scrolls of teleportation
 x - 3 scrolls of torment {unknown}
 y - a scroll of blinking
 D - a scroll of amnesia {unknown}
 J - a scroll of enchant weapon {unknown}
Potions
 l - a potion of mutation
 m - a potion of attraction {unknown}
 n - a potion of magic {unknown}
 p - 3 potions of enlightenment
 s - a potion of degeneration {unknown}
 u - a potion of haste {unknown}
 v - a potion of might
 A - a potion of brilliance {unknown}
Miscellaneous
 I - a box of beasts


   Skills:
 + Level 5.9 Fighting
 + Level 6.1 Throwing
 + Level 5.4 Armour
 + Level 6.0 Dodging
 + Level 6.0 Shields
 + Level 7.5 Unarmed Combat
 + Level 6.1 Invocations
 * Level 9.5 Shapeshifting


You had 11 spell levels left.
You didn't know any spells.
Your spell library contained the following spells:

 Spells                   Type           Power      Damage    Failure   Level
 Lesser Beckoning         Tloc           0%         N/A       58%         2
 Static Discharge         Conj/Air       0%         3-3/arc   58%         2
 Gell's Gravitas          Tloc           0%         N/A       83%         3
 Teleport Other           Tloc           0%         N/A       83%         3
 Airstrike                Air            0%         2d(0-16)  99%         4
 Cause Fear               Hex            0%         N/A       99%         4
 Summon Lightning Spire   Summ/Air       0%         N/A       99%         4
 Fireball                 Conj/Fire      0%         3d3       100%        5
 Dragon's Call            Summ           0%         N/A       100%        9


Dungeon Overview and Level Annotations

Branches:
Dungeon (11/15)            Temple (1/1) D:7            Lair (1/5) D:8
    Orc (2/2) D:10
    Elf: Orc:2

Altars:
Ashenzari
Cheibriados
Dithmenos
Elyvilon
Fedhas
Gozag
Hepliaklqana
Kikubaaqudgha
Makhleb
Nemelex Xobeh
Okawaru
Qazlal
Ru
Sif Muna
Trog
Uskayaw
Vehumet
Wu Jian
Xom
Yredelemnul
Zin
The Shining One

Shops:
D:1 *   D:9 [

Annotations:
D:7 2 transporters, TheDoctor's ghost, novice DEFE


Innate Abilities, Weirdness & Mutations

You are a tree.
Your roots penetrate the ground, keeping you stationary.
You cannot be teleported.
You are immune to unholy pain and torment.
Your maximum health is greatly increased.
Your equipment is partially melded.
You are too large for most types of armour.
((You have claws for hands.))
Your natural rate of healing is unusually fast.
((You are covered in fur. (AC +1)))
((You have tough skin. (AC +1)))


Message History

* * * LOW HITPOINT WARNING * * *
Smack: -) Branches
Press: ? - help, Dir - move target, f/p - warg
Aim: a warg (lightly wounded, haloed, about 23% to evade your branches)
You hit the warg but do no damage.
The warg is lightly wounded.
The warg bites you.
* * * LOW HITPOINT WARNING * * *
The warg bites you!
* * * LOW HITPOINT WARNING * * *
Okay, then.
Aiming: Charm
Press: ? - help, Shift-Dir - straight line, f/p - warg
Aim: a warg (lightly wounded, haloed, chance to affect: 31%)
The warg easily resists.
The now-empty wand crumbles to dust.
The warg bites you but does no damage. The warg bites you!
* * * LOW HITPOINT WARNING * * *
The warg bites you but does no damage. The warg bites you.
* * * LOW HITPOINT WARNING * * *
You feel better. The warg bites you!
* * * LOW HITPOINT WARNING * * *
The warg bites you but does no damage.
Smack: -) Branches
Press: ? - help, Dir - move target, f/p - warg
Aim: a warg (lightly wounded, haloed, about 23% to evade your branches)
You smack the warg!
The warg is heavily wounded.
The warg bites you but does no damage. x2
Unknown command.
It was a potion of might.
You feel very mighty all of a sudden.
The warg bites you but does no damage. x3; The warg bites you.
* * * LOW HITPOINT WARNING * * *
Smack: -) Branches
Press: ? - help, Dir - move target, f/p - warg
Aim: a warg (heavily wounded, haloed, about 23% to evade your branches)
You hit the warg.
The warg is severely wounded.
The warg bites you!
You die...

#............
.....................##
<.....................#
......................#
[..................$..#
[.....................#
.....................#
................h#..##
................♣h...#
........#......#.##.##
...............###
........#......#.
..................#
..........#....#.##
..........########
....#....## ...##.#.##


You could see 2 wargs.

Vanquished Creatures
  A catoblepas (Lair:1)
  An orc high priest (Orc:2)
  Lodul (D:11)
  2 manticores (D:11)
  An ugly thing (D:11)
  A cyclops (D:9)
  A torpor snail (Lair:1)
  A gargoyle (D:10)
  2 cane toads (Lair:1)
  3 komodo dragons
  A rime drake (Lair:1)
  3 trolls
  A polar bear (Lair:1)
  4 dream sheep (Lair:1)
  A hornet (D:8)
  A vampire (D:9)
  A shadow (D:10)
  25 yaks
  2 wyverns (D:8)
  A basilisk (Lair:1)
  4 vampire mosquitoes (D:10)
  2 wargs (Orc:1)
  A steam dragon (D:9)
  An acid dragon (D:11)
  6 water moccasins
  A black bear (D:7)
  12 orc warriors
  3 ice beasts
  11 ogres
  3 centaurs
  3 phantoms
  2 kobold brigands
  Blork the orc (D:4)
  4 bullfrogs
  A gnoll sergeant (D:9)
  3 scorpions
  8 wights
  6 howler monkeys
  4 crimson imps (D:7)
  3 gnoll boudas
  7 orc priests
  A hound (D:5)
  A jelly (D:4)
  2 sleepcaps
  12 orc wizards
  2 iguanas
  Ijyb (D:2)
  Robin (D:2)
  15 gnolls
  9 adders
  A shadow imp (D:5)
  2 dart slugs (D:3)
  43 orcs
  3 ball pythons (D:2)
  4 bats
  9 endoplasms
  3 giant cockroaches
  11 goblins
  5 hobgoblins
  4 jackals (D:2)
  5 quokkas
  2 frilled lizards (D:3)
  16 kobolds
  4 rats
296 creatures vanquished.

Vanquished Creatures (others)
  A gnoll (D:7)
1 creature vanquished.

Grand Total: 297 creatures vanquished

Notes
Turn   | Place    | Note
-------+----------+-------------------------------------------
     0 | D:1      | anacleto the Troll Shapeshifter began the quest for the
                  | Orb.
     0 | D:1      | Reached XP level 1. HP: 18/18 MP: 0/0
   213 | D:1      | Found Eluram's Assorted Antiques.
   276 | D:1      | You fall into a shaft and drop 1 floor!
   294 | D:2      | Reached skill level 1 in Fighting
   294 | D:2      | Reached XP level 2. HP: 27/27 MP: 1/1
   385 | D:2      | Identified the +1 robe "Zoethuh" {+Inv rN++ SInv Stlth-}
   427 | D:2      | Reached XP level 3. HP: 33/33 MP: 2/2
   490 | D:2      | Found a snail-covered altar of Cheibriados.
  1400 | D:3      | Found an ancient bone altar of Kikubaaqudgha.
  1433 | D:3      | Reached XP level 4. HP: 41/41 MP: 3/3
  1434 | D:3      | Noticed Robin
  1437 | D:3      | Noticed Ijyb
  1504 | D:2      | Killed Robin
  1637 | D:2      | Killed Ijyb
  1638 | D:2      | Reached skill level 1 in Throwing
  1638 | D:2      | Reached skill level 1 in Shields
  1773 | D:3      | Found a basalt altar of Yredelemnul.
  1803 | D:3      | Reached skill level 1 in Invocations
  1961 | D:3      | Found a glowing silver altar of Zin.
  2053 | D:4      | Reached XP level 5. HP: 48/48 MP: 4/4
  2142 | D:4      | Noticed a phantom
  2178 | D:4      | Killed a phantom
  2179 | D:4      | Reached skill level 1 in Armour
  2288 | D:4      | Reached XP level 6. HP: 56/57 MP: 6/6
  2288 | D:4      | Found a shimmering blue altar of Sif Muna.
  2369 | D:4      | Found a bloodstained altar of Trog.
  2370 | D:4      | Found a hazy altar of Hepliaklqana.
  2428 | D:4      | Noticed Blork the orc
  2433 | D:4      | Killed Blork the orc
  2434 | D:4      | Reached skill level 4 in Shapeshifting
  2773 | D:5      | Entered Level 5 of the Dungeon
  2960 | D:5      | Reached XP level 7. HP: 65/65 MP: 7/7
  3331 | D:5      | Found a white marble altar of Elyvilon.
  3792 | D:6      | Reached XP level 8. HP: 74/74 MP: 8/8
  3888 | D:6      | Reached skill level 5 in Shapeshifting
  3944 | D:6      | Found a blossoming altar of Fedhas.
  4145 | D:6      | Found an ornate altar of the Wu Jian Council.
  4460 | D:7      | Identified the +9 falchion of Compassion {speed, Dex+2}
  4487 | D:7      | Found a transporter.
  4488 | D:7      | Noticed TheDoctor's ghost (novice DEFE)
  4494 | D:7      | Found a transporter.
  4494 | D:7      | Identified the +6 great mace "Zeaqa" {heavy, Dex+2 Stlth+}
  4494 | D:7      | Identified the +0 great mace of Irritation {freeze, rElec
                  | rN+ Dex+4 Stlth-}
  4494 | D:7      | Noticed a two-headed ogre
  4798 | D:7      | Found a staircase to the Ecumenical Temple.
  4816 | Temple   | Entered the Ecumenical Temple
  4873 | Temple   | Became a worshipper of the Shining One
  5033 | D:7      | Found a shimmering altar of Xom.
  5060 | D:7      | Reached XP level 9. HP: 81/83 MP: 10/10
  5133 | D:7      | Reached skill level 5 in Unarmed Combat
  5139 | D:7      | Reached skill level 6 in Shapeshifting
  5174 | D:7      | Reached * piety under the Shining One
  5708 | D:8      | Found a shadowy altar of Dithmenos.
  6041 | D:8      | Found a staircase to the Lair.
  6042 | D:8      | Noticed a komodo dragon
  6058 | D:8      | Killed a komodo dragon
  6182 | D:9      | Noticed a cyclops
  6479 | D:8      | Reached XP level 10. HP: 21/92 MP: 12/12
  6604 | D:9      | Reached skill level 7 in Shapeshifting
  6768 | D:9      | Found Rahiug's Armour Boutique.
  6808 | D:9      | Found a radiant altar of Vehumet.
  6923 | D:9      | Killed a cyclops
  7306 | D:10     | Entered Level 10 of the Dungeon
  7471 | D:10     | Reached ** piety under the Shining One
  7987 | D:10     | Found a staircase to the Orcish Mines.
  7998 | Orc:1    | Entered Level 1 of the Orcish Mines
  8162 | Orc:2    | Entered Level 2 of the Orcish Mines
  8268 | Orc:2    | Noticed an orc high priest
  8388 | D:10     | Reached skill level 5 in Dodging
  8459 | D:10     | Reached skill level 5 in Invocations
  8459 | D:10     | Reached skill level 8 in Shapeshifting
  8459 | D:10     | Reached XP level 11. HP: 98/101 MP: 13/13
  8486 | D:10     | Reached skill level 5 in Throwing
  8703 | D:10     | Identified the +5 dagger "Utuffom" {flame, +Blink Int+3}
  8904 | D:10     | Reached skill level 5 in Shields
  9016 | D:10     | Found a stormy altar of Qazlal.
  9149 | D:10     | Reached skill level 5 in Fighting
  9551 | D:11     | Noticed a red ugly thing
  9563 | D:11     | Killed a red ugly thing
  9965 | D:11     | Noticed Lodul
  9973 | D:11     | Killed Lodul
  9980 | D:11     | Reached skill level 5 in Armour
 10145 | D:11     | Found a sparkling altar of Nemelex Xobeh.
 10364 | Lair:1   | Entered Level 1 of the Lair of Beasts
 10528 | Lair:1   | Reached skill level 9 in Shapeshifting
 10645 | Lair:1   | Noticed a catoblepas
 10654 | Lair:1   | Killed a catoblepas
 10731 | Lair:1   | Reached XP level 12. HP: 10/113 MP: 15/15
 11910 | Orc:2    | Killed an orc high priest
 12557 | Orc:2    | HP: 3/169 [warg (8)]
 12557 | Orc:2    | HP: 1/169 [warg (2)]
 12561 | Orc:2    | Slain by a warg

Illustrated notes

Levels and vault maps discovered:
D:1:      saegor_arrival_simple_a, layout_basic, serial_shops, shop_coins
D:2:      layout_basic, basic_altar, st_stairs_12
D:3:      layout_basic, lemuel_crystal_altar,
          nicolae_kikubaaqudgha_miasma_corner, zin_academy, nicolae_goblin_pals
D:4:      layout_loops_cross, nicolae_sif_muna_condensation,
          nicolae_overflow_squiral, dk_noncrumbling_2, uniq_blork_the_orc
D:5:      wander_river, layout_basic, elyvilon_altar_3
D:6:      layout_basic, mainiacjoe_overflow_tiny_flanked, lemuel_doored_altar
D:7:      layout_rooms, led_xom_imps, temple_statues, gammafunk_ghost_smash
D:8:      layout_basic, grunt_dithmenos_smoke_and_mirrors, david_lair_shrubbed
D:9:      layout_basic, nicolae_overflow_crystal_walls, nicolae_take_the_stairs,
          minivault_26, minmay_sticks_and_stones
D:10:     layout_long_grid, nicolae_qazlal_eye_of_the_storm, orc_0_dummy
D:11:     layout_irregular_city, nemelex_spade_bored_becter, uniq_lodul
Temple:   hellmonk_temple_beads
Lair:1:   layout_cave_pods, grunt_megastairs_4, infiniplex_staircase_pool_2,
          lemuel_fruit_tree
Orc:1:    layout_diamond_mine, mines5_lemuel
Orc:2:    grunt_orc_cross, layout_caves, basic_altar, uniq_erolcha

Skill      XL: |  1  2  3  4  5  6  7  8  9 10 11 12 |
---------------+-------------------------------------+-----
Fighting       | 1 2 3 4 5 |  5.9
Dodging        | 2 3 4 5 6 |  6.0
Throwing       | 1 2 3 4 5 6 |  6.1
Shields        | 1 2 3 4 5 6 |  6.0
Invocations    | 1 2 3 4 5 6 |  6.1
Armour         | 1 2 3 4 5 |  5.4
Shapeshifting  | 4 5 6 8 9 |  9.5
Unarmed Combat | 4 5 6 7 |  7.5

Action                     |  1- 3 |  4- 6 |  7- 9 | 10-12 || total
---------------------------+-------+-------+-------+-------++-------
  Melee: Unarmed           |    82 |   104 |   266 |   334 ||   786
         Punch             |     1 |     3 |     6 |    18 ||    28
  Throw: Dart              |       |       |     7 |       ||     7
         Boomerang         |       |       |    44 |   112 ||   156
         Throwing net      |       |       |     1 |       ||     1
         Large rock        |       |       |       |    15 ||    15
 Invoke: Divine Shield     |       |       |     3 |    11 ||    14
Ability: Begin Untransform |       |       |     1 |     1 ||     2
  Evoke: Wand              |       |       |     3 |     5 ||     8
         Box of beasts     |       |       |       |     1 ||     1
    Use: Scroll            |       |       |     2 |    14 ||    16
         Potion            |       |       |     2 |     7 ||     9
 Armour: Animal skin       |    22 |       |       |       ||    22
         Robe              |    23 |    67 |   217 |    66 ||   373
         Skin              |       |       |    16 |    40 ||    56
         Troll leather arm |       |       |       |   236 ||   236
  Dodge: Dodged            |    51 |    41 |   138 |   202 ||   432
  Block: Other             |       |       |     4 |    28 ||    32
   Form: Beast             |       |       |     1 |     1 ||     2

Table legend: (Time is in decaauts)
 A = Elapsed time spent in this place.
 B = Non-inter-level travel time spent in this place.
 C = Inter-level travel time spent in this place.
 D = Time resting spent in this place.
 E = Time spent auto-exploring this place.
 F = Levels seen in this place.
 G = Mean time per level.
                   A        B        C        D        E       F      G
               +--------+--------+--------+--------+--------+-----+--------+
         Total |  12537 |  11849 |    688 |   2329 |   5925 |  15 |  835.8 |
       Dungeon |  10025 |   9387 |    638 |   1687 |   5029 |  11 |  911.4 |
        Temple |     88 |     57 |     31 |      0 |      0 |   1 |   88.0 |
          Lair |   1298 |   1291 |      7 |    240 |    761 |   1 | 1298.0 |
  Orcish Mines |   1124 |   1113 |     11 |    401 |    135 |   2 |  562.0 |
               +--------+--------+--------+--------+--------+-----+--------+

Top non-repeatable levels by time:
    D:10: 1526 daAuts
  Lair:1: 1298 daAuts
     D:8: 1213 daAuts
    D:11: 996 daAuts
     D:9: 983 daAuts
     D:4: 909 daAuts
     D:6: 899 daAuts
   Orc:1: 873 daAuts
     D:7: 809 daAuts
     D:2: 792 daAuts
     D:1: 743 daAuts
     D:5: 695 daAuts
     D:3: 456 daAuts
   Orc:2: 251 daAuts
  Temple: 88 daAuts
